Map: [ESL] Ghost River

Players

Oliveira

  • Race: Terran Terran
  • Spawn Location: 1:00

LiquidClem (Clem) - Winner!

  • Race: Terran Terran
  • League: Grandmaster
  • Spawn Location: 11:00

Event: Bellum Gens Elite Stara Zagora 2024

VOD

Have the link to the VOD?

Description

Time

  • Played on: Sept. 8, 2024, 1:55 p.m.
  • Length: 16:18

All games in this series

Show
View Real Time Build Order
Export as new Build Order

Oliveira Terran 

Build Orders: Cyclone Opening, Reaper Expand 

Get SALT Encoding   

  12  0:00  SCV  
  13  0:12  SCV  
  14  0:17  Supply Depot  
  14  0:24  SCV  
  15  0:38  SCV  
  15  0:40  Barracks  
  16  0:43  Refinery  
  16  0:50  SCV  
  17  1:02  SCV  
  18  1:14  SCV  
  19  1:27  Orbital Command, Reaper  
  20  1:41  Command Center  
  20  1:49  Supply Depot  
  20  1:53  SCV  
  21  1:59  Marine  
  22  2:06  SCV  
  23  2:10  Factory  
  23  2:17  Marine  
  23  2:18  SCV  
  23  2:22  Refinery  
  25  2:30  SCV  
  25  2:35  Marine  
  27  2:42  SCV  
  28  2:55  Orbital Command  
  28  2:56  Cyclone  
  28  2:57  Starport  
  30  3:02  Barracks Reactor  
  30  3:04  SCV  
  30  3:16  SCV  
  31  3:25  SCV  
  31  3:27  Barracks  
  31  3:28  SCV, Cyclone  
  31  3:33  Medivac  
  36  3:37  SCV  
  36  3:39  Marine x2  
  36  3:40  SCV  
  40  3:44  Supply Depot  
  40  3:49  SCV  
  40  3:52  SCV  
  42  3:57  Marine x2  
  42  4:01  Factory Tech Lab  
  44  4:03  SCV  
  44  4:08  SCV  
  46  4:13  Supply Depot, Refinery  
  46  4:14  Barracks Tech Lab  
  46  4:16  SCV, Starport Reactor  
  47  4:19  Siege Tank  
  47  4:20  SCV  
  48  4:34  SCV  
  48  4:35  SCV  
  48  4:36  Marine, Stimpack  
  48  4:37  Marine  
  51  4:44  Command Center  
  51  4:46  SCV  
  51  4:47  SCV  
  56  4:52  Siege Tank  
  56  4:54  Marine  
  56  4:55  Marine x2  
  56  4:58  SCV  
  56  4:59  SCV  
  61  5:03  Supply Depot  
  61  5:07  Medivac  
  61  5:11  SCV x2  
  61  5:12  Marine  
  61  5:13  Marine  
  67  5:16  Engineering Bay  
  67  5:18  Engineering Bay  
  67  5:19  Marine  
  68  5:23  SCV x2  
  68  5:25  Siege Tank  
  73  5:30  Marine, Refinery  
  73  5:33  Marine  
  77  5:35  SCV  
  78  5:46  Terran Infantry Weapons Level 1  
  78  5:48  Supply Depot  
  78  5:51  Marine  
  78  5:52  SCV  
  78  5:54  Terran Infantry Armor Level 1  
  78  5:55  SCV, Marine  
  80  5:58  Barracks  
  80  6:01  Barracks  
  80  6:02  Barracks  
  80  6:07  Orbital Command  
  80  6:09  Starport Reactor  
  80  6:14  Siege Tank  
  80  6:15  Marine  
  80  6:16  Marine  
  85  6:29  Marine  
  85  6:32  Orbital Command  
  83  6:33  SCV x2, Marine  
  83  6:34  Marine  
  83  6:38  Supply Depot  
  85  6:45  SCV x2  
  85  6:47  Marine, Barracks Reactor  
  87  6:50  Marine x2  
  87  6:51  Siege Tank, Armory  
  87  6:52  Missile Turret, Barracks Reactor  
  93  6:57  SCV x2  
  93  6:58  SCV, Barracks Reactor  
  93  6:59  Supply Depot  
  93  7:00  Marine x2  
  98  7:09  SCV x2, Marine  
  98  7:10  SCV, Medivac x2  
  98  7:12  Combat Shield, Marine  
  106  7:16  Marine  
  106  7:21  SCV x2  
  106  7:22  Marine  
  110  7:25  Marine  
  110  7:26  SCV, Marine  
  113  7:30  Marine  
  113  7:33  SCV x2  
  113  7:36  Command Center  
  116  7:37  Supply Depot, Marine  
  116  7:38  Supply Depot  
  117  7:45  Terran Infantry Weapons Level 2  
  117  7:48  Refinery  
  117  7:52  Terran Infantry Armor Level 2  
  117  7:58  Marine x4  
  117  7:59  SCV, Marine, Siege Tank  
  117  8:00  SCV x2  
  128  8:11  SCV  
  128  8:12  SCV  
  119  8:15  Marine  
  119  8:16  Marine  
  119  8:18  Marine  
  119  8:19  Marine x5  
  117  8:20  Medivac x2  
  117  8:24  SCV x2  
  121  8:31  Terran Vehicle Weapons Level 1  
  121  8:33  Siege Tank, Marine x2  
  125  8:36  Marine  
  125  8:37  Marine x4, Factory  
  130  8:41  Barracks Reactor  
  130  8:42  Marine  
  128  8:51  Marine x2, Refinery  
  128  8:52  Supply Depot  
  128  8:54  Marine, Medivac x2  
  128  8:55  Marine  
  136  8:56  Marine, Barracks x2  
  136  8:57  Marine, Barracks  
  136  8:58  Supply Depot  
  136  9:01  Marine  
  138  9:06  Marine  
  138  9:09  Marine  
  139  9:10  Marine  
  139  9:11  SCV  
  139  9:14  SCV  
  144  9:17  SCV, Marine x4  
  144  9:19  Siege Tank  
  144  9:20  Supply Depot  
  144  9:22  Supply Depot, Planetary Fortress  
  144  9:23  Marine  
  152  9:27  Siege Tank  
  152  9:29  Marine  
  152  9:30  Marine  
  157  9:33  Marine  
  157  9:34  Supply Depot  
  157  9:35  Marine  
  157  9:36  Marine  
  160  9:40  Marine x4  
  160  9:45  SCV x3  
  164  9:48  Supply Depot, Medivac  
  164  9:50  Marine  
  164  9:52  Barracks Reactor x2  
  163  10:00  Marine x2  
  163  10:03  Siege Tank  
  168  10:10  Marine x2  
  168  10:13  Siege Tank  
  170  10:14  Marine  
  170  10:15  Medivac  
  170  10:16  Marine  
  170  10:17  Marine  
  170  10:18  Marine x5  
  179  10:25  Barracks Reactor  
  179  10:28  Marine x2  
  180  10:32  Marine  
  180  10:33  Marine  
  180  10:34  Marine x2  
  184  10:36  Marine x3  
  184  10:37  Siege Tank  
  184  10:40  Medivac  
  184  10:41  Marine x3, Command Center  
  195  10:44  Terran Infantry Weapons Level 3  
  195  10:47  Terran Infantry Armor Level 3  
  195  10:49  Marine  
  196  10:58  Supply Depot  
  196  11:03  Marine  
  196  11:16  Marine x3  
  196  11:19  Marine x4  
  196  11:20  SCV  
  200  11:29  SCV  
  200  11:31  Siege Tank  
  200  11:41  Marine x3  
  200  11:42  Siege Tank  
  200  11:44  Marine x13  
  110  11:58  Medivac x2  
  110  11:59  Marine x3  
  111  12:02  Terran Vehicle Weapons Level 2, Marine x13  
  111  12:05  Siege Tank  
  127  12:09  Planetary Fortress  
  127  12:10  SCV x2  
  129  12:16  Marine  
  129  12:17  Siege Tank, Marine x2  
  129  12:20  Marine x13  
  146  12:23  SCV  
  144  12:34  Marine x2  
  144  12:35  Marine  
  140  12:37  Orbital Command, Marine  
  140  12:38  Marine x12  
  131  12:46  Medivac  
  131  12:48  Siege Tank  
  131  12:49  Medivac  
  118  12:52  Siege Tank, Marine x2  
  118  12:53  Marine  
  118  12:54  SCV x2  
  118  12:55  Marine x4  
  118  12:58  SCV  
  131  12:59  Marine x3  
  131  13:00  Marine  
  131  13:03  SCV x2  
  137  13:12  Marine x3  
  113  13:16  Marine x6  
  113  13:17  Marine  
  115  13:20  SCV  
  115  13:21  SCV x3  
  115  13:23  Marine  
  115  13:24  Marine  
  118  13:27  Marine  
  118  13:28  SCV, Marine x2  
  118  13:29  Marine  
  118  13:30  Marine  
  124  13:34  Marine x3  
  124  13:36  SCV x3  
  124  13:37  SCV  
  124  13:38  Marine  
  124  13:40  Marine  
  133  13:41  Marine  
  133  13:42  Marine x2  
  133  13:44  SCV  
  133  13:48  SCV, Siege Tank  
  141  13:50  SCV  
  142  13:58  Marine  
  142  14:00  SCV x2  
  142  14:01  Marine x2  
  142  14:02  Marine x2  
  143  14:03  SCV x2  
  143  14:07  Medivac x2  
  149  14:10  Siege Tank  
  149  14:13  Marine  
  149  14:18  Marine x6  
  149  14:20  SCV  
  149  14:21  Marine  
  149  14:22  Marine  
  140  14:25  Marine x2  
  142  14:31  Siege Tank, Marine  
  142  14:37  Marine x3  
  142  14:38  SCV x3, Marine  
  136  14:42  Siege Tank  
  136  14:43  Marine  
  136  14:44  Marine x4  
  146  14:46  Medivac x2  
  146  14:47  Marine  
  146  14:51  Supply Depot  
  148  14:53  Marine x3  
  148  14:57  Marine  
  152  15:00  Marine x2  
  152  15:01  Marine  
  152  15:02  Marine x3  
  152  15:04  Marine x2  
  152  15:05  Marine  
  161  15:08  Supply Depot, Marine  
  161  15:12  Siege Tank, Marine x2  
  161  15:13  Marine  
  168  15:17  Marine x2  
  168  15:18  Medivac  
  168  15:19  Medivac  
  174  15:21  Orbital Command  
  174  15:23  Siege Tank, Marine  
  174  15:25  Marine x2  
  174  15:27  Marine  
  176  15:36  Marine  
  176  15:42  Marine x2  
  163  15:44  Marine x12  
  163  15:45  Marine  
  145  15:54  Marine  
  143  16:00  Marine x2  
Show
View Real Time Build Order
Export as new Build Order

LiquidClem Terran - Winner!

Build Orders: Cyclone Opening 

Get SALT Encoding   

  12  0:00  SCV  
  13  0:12  SCV  
  14  0:17  Supply Depot  
  14  0:24  SCV  
  15  0:38  SCV  
  15  0:39  Barracks  
  15  0:42  Refinery  
  16  0:50  SCV  
  16  0:55  Refinery  
  17  1:03  SCV  
  18  1:15  SCV  
  19  1:26  Reaper  
  19  1:27  Orbital Command  
  20  1:33  Supply Depot  
  20  1:40  Factory  
  20  1:52  SCV  
  21  1:59  Reaper  
  22  2:04  SCV  
  23  2:15  Command Center  
  23  2:18  SCV  
  24  2:24  Hellion  
  26  2:30  SCV  
  26  2:34  Starport  
  27  2:38  Barracks Reactor  
  27  2:42  SCV  
  27  2:43  Supply Depot  
  30  2:51  Cyclone  
  30  2:54  SCV  
  30  3:06  SCV  
  30  3:16  Marine x2  
  30  3:18  SCV, Medivac  
  33  3:29  Cyclone  
  33  3:30  SCV  
  36  3:34  Marine x2, Refinery  
  36  3:37  Orbital Command  
  38  3:42  SCV  
  39  3:51  Starport Tech Lab  
  39  3:52  Marine x2  
  39  3:53  Supply Depot  
  41  3:57  SCV  
  41  4:02  Factory Tech Lab  
  42  4:04  SCV  
  42  4:05  Supply Depot  
  42  4:09  Marine  
  43  4:10  Marine  
  43  4:11  Raven  
  43  4:14  SCV  
  48  4:18  SCV  
  48  4:22  Siege Tank  
  52  4:26  SCV  
  52  4:29  Marine x2  
  51  4:35  SCV, Interference Matrix  
  51  4:37  Supply Depot  
  51  4:38  SCV  
  53  4:46  Raven  
  53  4:47  SCV  
  56  4:52  Command Center  
  56  4:53  SCV  
  56  4:59  SCV  
  61  5:00  Siege Tank  
  61  5:03  Supply Depot  
  61  5:05  SCV  
  62  5:09  Marine x2  
  62  5:11  SCV  
  65  5:17  SCV, Refinery  
  65  5:21  Raven  
  68  5:23  SCV  
  68  5:24  Supply Depot  
  69  5:29  Marine x2  
  69  5:30  SCV  
  69  5:35  SCV  
  73  5:38  Siege Tank  
  73  5:42  SCV  
  77  5:44  Supply Depot  
  77  5:45  Barracks  
  77  5:46  Barracks  
  77  5:47  SCV  
  78  5:54  SCV  
  79  5:59  SCV  
  79  6:00  Engineering Bay x2  
  79  6:03  Stimpack  
  80  6:05  Orbital Command  
  80  6:06  SCV  
  80  6:10  Viking  
  83  6:14  Viking  
  85  6:19  Siege Tank  
  85  6:21  SCV x2  
  88  6:25  Marine  
  88  6:32  SCV  
  90  6:33  SCV x2  
  90  6:42  Barracks  
  90  6:43  Terran Infantry Weapons Level 1, Marine, Barracks, Terran Infantry Armor Level 1  
  90  6:44  SCV  
  90  6:45  SCV  
  90  6:47  Viking  
  95  6:49  Barracks Reactor  
  95  6:50  Barracks Reactor  
  95  6:53  SCV  
  96  6:56  Orbital Command, Supply Depot  
  96  6:59  Siege Tank  
  96  7:01  Marine  
  100  7:02  Missile Turret  
  100  7:05  SCV  
  100  7:06  SCV  
  102  7:09  Missile Turret  
  102  7:18  SCV x2  
  102  7:19  Marine  
  102  7:21  Viking x2  
  109  7:24  Supply Depot  
  109  7:26  SCV, Marine  
  109  7:27  Marine  
  109  7:29  Marine  
  113  7:30  SCV x2  
  113  7:34  Supply Depot  
  113  7:36  Marine  
  115  7:38  SCV, Marine  
  115  7:41  Barracks Reactor x2  
  115  7:42  SCV x2  
  120  7:45  Armory  
  120  7:47  Supply Depot  
  120  7:48  Marine  
  120  7:50  SCV, Sensor Tower  
  122  7:52  Siege Tank  
  122  7:54  Combat Shield, SCV x2  
  122  7:57  Refinery  
  127  7:58  Marine  
  127  7:59  Marine, Refinery  
  127  8:00  Marine  
  127  8:01  Marine  
  127  8:02  SCV  
  132  8:06  Marine  
  129  8:16  Marine  
  129  8:17  Marine, Medivac x2  
  129  8:18  Marine x3  
  130  8:22  Marine  
  130  8:24  Marine  
  130  8:25  Supply Depot, Marine x2, Command Center  
  135  8:29  Siege Tank  
  137  8:34  Marine x2  
  137  8:37  Marine  
  137  8:38  Terran Infantry Weapons Level 2  
  140  8:42  Marine x4  
  140  8:43  Marine x2  
  140  8:47  Supply Depot  
  146  8:48  Supply Depot  
  146  8:52  Marine x2, Factory  
  146  8:55  Marine  
  149  8:56  Medivac x2  
  149  8:59  Supply Depot  
  149  9:00  Marine  
  149  9:01  Marine  
  149  9:02  Marine x2  
  157  9:05  Terran Infantry Armor Level 2  
  157  9:08  Marine x2  
  157  9:09  Terran Vehicle Weapons Level 1  
  159  9:10  Marine x2  
  159  9:12  Marine  
  159  9:16  SCV x3  
  165  9:18  Marine  
  165  9:19  Marine x2  
  168  9:26  Supply Depot  
  168  9:27  Supply Depot  
  168  9:28  SCV x2  
  168  9:29  SCV  
  168  9:31  Siege Tank, Marine x2  
  175  9:32  Marine  
  175  9:33  Marine  
  175  9:35  Marine  
  175  9:36  Sensor Tower  
  177  9:40  SCV x2  
  177  9:44  Marine  
  180  9:46  Marine  
  180  9:48  Marine x2  
  180  9:49  Marine x2  
  180  9:51  Marine  
  180  9:52  Starport  
  186  9:53  Marine, Starport  
  186  9:59  Barracks Reactor  
  187  10:03  Siege Tank  
  187  10:04  Siege Tank  
  187  10:05  Marine  
  187  10:06  Marine  
  191  10:14  Marine  
  191  10:20  Marine  
  191  10:22  Planetary Fortress  
  191  10:27  Marine  
  191  10:28  Marine x3  
  193  10:29  Marine  
  193  10:34  Command Center  
  193  10:35  Siege Tank  
  199  10:38  Marine  
  199  10:41  Refinery  
  199  10:42  Refinery  
  200  10:47  Starport Tech Lab x2, Missile Turret  
  200  10:48  Starport  
  200  10:58  Command Center  
  200  11:00  Command Center  
  200  11:01  Armory  
  200  11:04  Terran Vehicle Weapons Level 2, Terran Infantry Weapons Level 3  
  200  11:07  Marine  
  197  11:15  Siege Tank, Marine x2  
  200  11:37  Terran Infantry Armor Level 3  
  200  11:43  Marine  
  200  11:44  Siege Tank, Marine x2  
  200  11:45  Marine x6  
  200  11:46  Marine  
  162  11:47  Siege Tank, Viking  
  162  11:48  Viking  
  146  12:01  Marine  
  143  12:02  Marine x2  
  143  12:03  Raven, Marine x5  
  143  12:04  Starport Reactor  
  143  12:05  Raven  
  155  12:09  Marine x2  
  155  12:14  Orbital Command  
  155  12:15  Orbital Command  
  157  12:16  Siege Tank  
  157  12:19  Siege Tank, Marine x2  
  157  12:20  Marine x3  
  157  12:22  Viking  
  170  12:24  Viking  
  170  12:26  Marine  
  170  12:27  Marine, Missile Turret  
  170  12:28  Sensor Tower  
  174  12:30  Marine  
  173  12:37  Raven  
  173  12:42  Marine x2  
  173  12:43  Marine x2  
  165  12:46  Marine, Medivac x2  
  165  12:47  Marine x2  
  165  12:48  Siege Tank  
  165  12:49  Marine x2  
  164  12:51  Siege Tank  
  164  12:52  Planetary Fortress  
  164  12:54  Marine  
  168  13:00  Raven, Marine, Viking  
  168  13:01  Marine  
  168  13:02  Marine x2  
  168  13:04  Marine  
  160  13:13  Marine  
  160  13:16  Marine x4  
  160  13:18  Marine  
  160  13:19  Raven, Marine x2  
  153  13:20  Siege Tank, Medivac x2  
  153  13:21  Marine  
  153  13:22  Marine  
  153  13:23  Siege Tank  
  153  13:26  Refinery x2  
  166  13:29  Medivac  
  166  13:31  Medivac  
  166  13:33  Marine  
  166  13:34  Marine  
  173  13:39  Barracks x2  
  173  13:40  Marine, Barracks  
  175  13:44  Marine  
  175  13:45  Marine x4  
  175  13:47  Marine x2  
  178  13:51  Marine  
  178  13:52  Siege Tank, Marine  
  177  13:55  Siege Tank  
  177  14:01  Raven, Marine, Viking  
  177  14:02  Marine  
  185  14:03  Marine x2  
  185  14:07  Marine x2  
  188  14:19  Marine x2  
  188  14:20  Marine x4  
  188  14:21  Marine  
  185  14:24  Siege Tank  
  185  14:28  Siege Tank  
  181  14:37  Starport Tech Lab  
  181  14:38  Raven x2  
  161  14:39  Marine x9  
  161  14:40  Marine x3  
  174  14:49  Liberator x2  
  180  14:57  Siege Tank, Marine x4  
  186  15:00  Siege Tank, Marine x3  
  186  15:01  Marine, Missile Turret  
  186  15:02  Marine  
  186  15:05  Marine x3  
  186  15:06  Raven  
  199  15:15  Command Center  
  199  15:28  Marine  
  199  15:34  Command Center  
  197  15:41  Siege Tank  
  186  15:43  Siege Tank  
  186  15:44  Marine x3  
  186  15:45  Viking x2  
  186  15:46  Marine x2  
  186  15:47  Marine  
  185  15:58  Marine x2  
Tags
 
Add a new tag
Caveats
  • Supply blocks, unpowered buildings, or Contaminate may cause inaccurate times.
  • Supply counts are checked every 10 seconds.